 Dungeon Crawl Stone Soup version 0.19.1 (webtiles) character file.

62 stigmas the Insei (level 3, 0/26 HPs)
             Began as a Demonspawn Transmuter on Nov 25, 2016.
             Succumbed to an adder's poison
             ... on level 2 of the Dungeon.
             The game lasted 00:03:46 (1588 turns).

stigmas the Insei (Demonspawn Transmuter)           Turns: 1588, Time: 00:03:46

Health: 0/26       AC:  6    Str: 10    XL:     3   Next: 85%
Magic:  4/6        EV:  9    Int: 15    God:
Gold:   121        SH:  0    Dex: 13    Spells: 1 memorised, 5 levels left

rFire  . . .     SeeInvis .       - Unarmed
rCold  . . .     Gourm    .     l - +0 scale mail
rNeg   . . .     Faith    .     (no shield)
rPois  .         Spirit   +     (helmet restricted)
rElec  .         Reflect  .     (no cloak)
rCorr  .         Harm     .     (no gloves)
MR     .....                    (no boots)
Stlth  ..........               f - amulet of guardian spirit
                                (no ring)
                                (no ring)

@: lethally poisoned (0 -> -3)
A: horns 1
a: no special abilities


You were on level 2 of the Dungeon.
You were very hungry.

You visited 1 branch of the dungeon, and saw 2 of its levels.

You collected 121 gold pieces.

Inventory:

Missiles
 a - 12 arrows
Armour
 b - a +0 robe
 l - a +0 scale mail (worn)
Jewellery
 f - an amulet of guardian spirit (around neck)
 n - a +1 ring of protection {unknown}
Scrolls
 e - 3 scrolls of immolation {unknown}
 h - 2 scrolls of identify {unknown}
 i - 2 scrolls of remove curse {unknown}
 j - a scroll of teleportation {unknown}
 m - a scroll of blinking {unknown}
 o - a scroll of magic mapping {unknown}
Books
 c - a book of Changes

   Spells                             Type                      Level
   a - Beastly Appendage              Transmutation                1
   b - Sticks to Snakes               Transmutation                2
   c - Spider Form                    Transmutation/Poison         3
   d - Ice Form                       Ice/Transmutation            4
   e - Blade Hands                    Transmutation                5
Comestibles
 d - a bread ration
 g - a meat ration
 k - 2 slices of pizza


   Skills:
 * Level 1.6 Fighting
 + Level 0.6 Armour
 + Level 2.1 Dodging
 * Level 3.6 Unarmed Combat
 + Level 2.1 Spellcasting
 + Level 1.8 Transmutations


You had 5 spell levels left.
You knew the following spells:

 Your Spells              Type           Power        Failure   Level  Hunger
a - Beastly Appendage     Tmut           #.....       82%         1    #......


Dungeon Overview and Level Annotations

Branches:
Dungeon (2/15)

Altars:


Innate Abilities, Weirdness & Mutations

You have a pair of small horns on your head.


Message History

You feel sick. The adder barely misses you.
You barely miss the adder.
The adder is heavily wounded.
The adder bites you but does no damage.
You closely miss the adder. Your punch misses the adder.
The adder is heavily wounded.
The adder closely misses you.
You miss the adder. Your headbutt misses the adder.
The adder is heavily wounded.
* * * LOW HITPOINT WARNING * * *
You feel sick. The adder closely misses you.
You closely miss the adder. Your headbutt misses the adder.
The adder is heavily wounded.
The adder barely misses you. The adder bites you but does no damage.
You hit the adder.
You kill the adder!
* * * LOW HITPOINT WARNING * * *
You feel sick.
You see here a giant cockroach corpse.
You die...

.. .........).........###..###...
# .........###...#..............
...........###................
...#.........##...............
..#.....###†.#...####........
#.#.....##.##..####..#.....
#..#..[(..#..#........####.. #.
#.)##).#..#..####..####.. # #.%#
!.#@.#.............. #..?
..#..#.............. ##..
##†##....###..##... .. ###
#..#...#.###..#.... #.#
.......##.)...#.........
...##..###....###................
.........######...#....#.........
.................................
.......................#.........


There were no monsters in sight!

Vanquished Creatures
  2 adders (D:2)
  A leopard gecko (D:2)
  6 giant cockroaches
  6 hobgoblins
  2 jackals (D:2)
  5 kobolds
  A quokka (D:2)
  7 bats
  3 frilled lizards (D:2)
  3 goblins
  4 rats
40 creatures vanquished.

Notes
Turn   | Place    | Note
-------+----------+-------------------------------------------
     0 | D:1      | stigmas the Demonspawn Transmuter began the quest for the Orb.
     0 | D:1      | Reached XP level 1. HP: 15/15 MP: 3/3
   312 | D:1      | Gained mutation: You have a pair of large horns on your head. [demonic ancestry]
   312 | D:1      | Reached XP level 2. HP: 18/21 MP: 3/5
   491 | D:1      | Reached skill level 3 in Unarmed Combat
  1329 | D:2      | Reached XP level 3. HP: 26/26 MP: 6/6
  1581 | D:2      | HP: 1/26 [poisoned by an adder]
  1588 | D:2      | Succumbed to an adder's poison

Skill      XL: |  1  2 |
---------------+-------+-----
Dodging        | 2 |  2.1
Unarmed Combat | 3 |  3.6
Fighting       | |  1.6
Armour         | |  0.6
Spellcasting   | |  2.1
Transmutations | |  1.8

Action                   || total
-------------------------++-------
Melee: Unarmed           ||   156
       Headbutt          ||    14
       Punch             ||     1
 Cast: Beastly Appendage ||     3
 Stab: Sleeping          ||     1
  Eat: Chunk             ||     1
Armor: Robe              ||     8
       Scale mail        ||    88
Dodge: Dodged            ||   116
